 Dungeon Crawl Stone Soup version 0.22.0 (webtiles) character file.

1234 iamserjio the Archer (level 8, 0/73 HPs)
             Began as a Centaur Hunter on Aug 10, 2018.
             Was a Follower of Okawaru.
             Slain by an ice beast (7 damage)
             ... on level 6 of the Dungeon.
             The game lasted 00:16:35 (7331 turns).

iamserjio the Archer (Centaur Hunter)               Turns: 7331, Time: 00:16:35

Health: 0/73       AC: 11    Str: 15    XL:     8   Next: 24%
Magic:  6/8        EV: 10    Int: 10    God:    Okawaru [*.....]
Gold:   93         SH:  0    Dex: 12    Spells: 7/7 levels left

rFire    . . .     SeeInvis .   z - +0 lajatang
rCold    . . .     Gourm    .   (shield currently unavailable)
rNeg     . . .     Faith    .   P - +0 scale mail
rPois    .         Spirit   .   w - +2 helmet
rElec    .         Reflect  .   G - +0 cloak
rCorr    .         Harm     .   (no gloves)
MR       .....                  (no barding)
Stlth    +.........             Q - amulet of the acrobat
HPRegen  0.22/turn              (no ring)
MPRegen  0.11/turn              (no ring)

@: heroism, very quick
A: large, hooves 3, deformed body, speed 2, tough skin 3
a: Heroism, Renounce Religion


You were on level 6 of the Dungeon.
You worshipped Okawaru.
Okawaru was aware of your devotion.
You were hungry.

You visited 1 branch of the dungeon, and saw 6 of its levels.

You collected 93 gold pieces.

Inventory:

Hand Weapons
 a - a +1 shortbow
 b - a +0 short sword
 d - a +0 trident
 i - a +1 vampiric short sword
 j - a +1 antimagic spear
 k - a -3 spear
 m - a +0 dagger of speed
 r - a +0 hand crossbow
 u - a +0 morningstar
 z - a +0 lajatang (weapon)
 B - a cursed +0 hunting sling
Missiles
 s - 13 bolts
 y - 47 stones (quivered)
 A - 29 arrows
 J - 5 tomahawks
Armour
 c - a +0 leather armour
 h - a +0 ring mail
 w - a +2 helmet (worn)
 D - a +0 buckler
 G - a +0 cloak (worn)
 L - a +0 shield
 P - a +0 scale mail (worn)
Jewellery
 Q - an amulet of the acrobat (around neck)
Wands
 n - a wand of iceblast (1)
 F - a wand of scattershot (4)
 K - a wand of polymorph (6)
Scrolls
 e - a scroll of enchant weapon {unknown}
 g - a scroll of immolation
 o - a scroll of random uselessness {unknown}
 q - 5 scrolls of remove curse {@r2}
 t - a scroll of enchant armour {unknown}
 v - 2 scrolls of fog
 C - a scroll of noise {unknown}
 H - a scroll of blinking
 O - a scroll of amnesia {unknown}
 R - a scroll of teleportation {unknown}
Potions
 l - 2 potions of brilliance
 p - a potion of resistance
 x - a potion of mutation
 E - a potion of degeneration
 I - a potion of berserk rage {unknown}
 N - a potion of heal wounds {unknown}
Comestibles
 f - 11 rations
 M - 2 chunks of flesh


   Skills:
 + Level 7.2(12.2) Fighting
 + Level 10.5(15.5) Bows
 + Level 0.1(5.1) Armour
 - Level 1.3(6.3) Dodging
 - Level 0.4(5.4) Stealth
 + Level 0.2 Invocations
 + Level 0.1 Evocations


You had 7 spell levels left.
You didn't know any spells.
Your spell library contained the following spells:

 Spells                   Type           Power        Failure   Level  Hunger
 Summon Small Mammal      Summ           #...         80%         1    ##.....
 Summon Ice Beast         Ice/Summ       #.......     100%        4    #####..
 Call Imp                 Summ           #.......     90%         2    ###....
 Call Canine Familiar     Summ           #.......     99%         3    ####...
 Summon Lightning Spire   Summ/Air       #.......     100%        4    #####..
 Summon Guardian Golem    Hex/Summ       #.......     99%         3    ####...


Dungeon Overview and Level Annotations

Branches:
Dungeon (6/15)
 Temple: D:4-7

Altars:
Fedhas
Hepliaklqana
Okawaru
Sif Muna
Trog
Uskayaw
Wu Jian
Xom

Shops:
D:5 (


Innate Abilities, Weirdness & Mutations

You have hooves in place of feet.
Armour fits poorly on your strangely shaped body.
You cover ground very quickly.
You have extremely tough skin. (AC +3)


Message History

The ice beast is lightly wounded.
The ice beast closely misses you.
You barely miss the ice beast. You kick the ice beast.
The ice beast is moderately wounded.
The ice beast hits you but does no damage.
You slash the ice beast!
The ice beast is severely wounded.
The ice beast hits you.
* * * LOW HITPOINT WARNING * * *
The ice beast freezes you!
* * * LOW HITPOINT WARNING * * *
The orc warrior barely misses you. The ice beast barely misses you.
You closely miss the ice beast.
The ice beast is severely wounded.
The orc warrior hits you with a hand axe!
* * * LOW HITPOINT WARNING * * *
The ice beast hits you.
* * * LOW HITPOINT WARNING * * *
The ice beast freezes you!
You die...

#.# ##.## #..........
#.# #.# #.####.#... #.#
#o# #.# #.#..o #.# #.#
#.####..... #.# #.#
#.......### #.#
#.####.###...# #.#
#......# #...# #<#
######....###...# ##)#
#.@oo[........#.#
#..####Y####.####.###.#
#.#.......#...# #......
#.#............##
..###'
#..........#.....# .#
#...............#... .#
#............##....###
##............#.#. #
##...........#


You could see an orc warrior, an ice beast and an orc.

Vanquished Creatures
  Menkaure (D:5)
  A porcupine (D:5)
  An orc warrior (D:5)
  A phantom (D:4)
  2 centaurs
  A crimson imp (D:6)
  A centaur zombie (D:5)
  5 orc priests
  A hound (D:6)
  A centaur skeleton (D:4)
  5 orc wizards
  7 adders
  4 gnolls (D:5)
  A howler monkey skeleton (D:4)
  An ooze (D:2)
  3 worms
  2 dart slugs
  4 leopard geckos
  26 orcs
  2 ball pythons
  9 bats
  5 giant cockroaches
  7 goblins
  8 hobgoblins
  6 jackals
  8 kobolds
  2 quokkas (D:2)
  10 frilled lizards
  11 rats
136 creatures vanquished.

Notes
Turn   | Place    | Note
-------+----------+-------------------------------------------
     0 | D:1      | iamserjio the Centaur Hunter began the quest for the Orb.
     0 | D:1      | Reached XP level 1. HP: 17/17 MP: 1/1
   109 | D:1      | Reached XP level 2. HP: 22/25 MP: 2/2
   602 | D:1      | Reached skill level 6 in Bows
   759 | D:2      | Found a blossoming altar of Fedhas.
   772 | D:2      | Reached XP level 3. HP: 30/30 MP: 3/3
   844 | D:2      | Found a deep blue altar of Sif Muna.
  1748 | D:2      | Reached XP level 4. HP: 37/38 MP: 1/4
  2690 | D:2      | Reached skill level 7 in Bows
  2746 | D:3      | Reached XP level 5. HP: 39/46 MP: 1/5
  3364 | D:3      | Found an ornate altar of the Wu Jian Council.
  4635 | D:4      | Found an iron altar of Okawaru.
  4644 | D:4      | Became a worshipper of Warmaster Okawaru
  4840 | D:4      | Reached XP level 6. HP: 53/53 MP: 2/6
  5015 | D:4      | Reached skill level 5 in Fighting
  5015 | D:4      | Reached skill level 8 in Bows
  5467 | D:5      | Entered Level 5 of the Dungeon
  5468 | D:5      | Found a hazy altar of Hepliaklqana.
  5468 | D:5      | Found a hide-covered altar of Uskayaw.
  5647 | D:5      | Reached XP level 7. HP: 49/61 MP: 2/7
  5886 | D:5      | Reached skill level 9 in Bows
  5888 | D:5      | Noticed Menkaure
  5891 | D:5      | Killed Menkaure
  5891 | D:5      | Reached * piety under Okawaru
  6109 | D:5      | Found a glowing silver altar of Zin.
  6111 | D:5      | Found a blossoming altar of Fedhas.
  6111 | D:5      | Found a hide-covered altar of Uskayaw.
  6113 | D:5      | Found a shimmering altar of Xom.
  6113 | D:5      | Found a shimmering altar of Xom.
  6113 | D:5      | Found a glowing golden altar of the Shining One.
  6190 | D:5      | Found Nischig's Weapon Shoppe.
  6985 | D:5      | Found a bloodstained altar of Trog.
  7100 | D:5      | Reached skill level 10 in Bows
  7100 | D:5      | Reached XP level 8. HP: 50/71 MP: 0/8
  7331 | D:6      | Slain by an ice beast

Skill      XL: |  1  2  3  4  5  6  7  8 |
---------------+-------------------------+-----
Bows           | 6 7 8 10 | 10.5
Fighting       | 3 4 5 6 7 |  7.2
Armour         | |  0.1
Dodging        | |  1.3
Stealth        | |  0.4
Invocations    | |  0.2
Evocations     | |  0.1

Action                   |  1- 3 |  4- 6 |  7- 9 || total
-------------------------+-------+-------+-------++-------
Melee: Spear             |    38 |   181 |    47 ||   266
       Kick              |     6 |    34 |    31 ||    71
       Lajatang          |       |       |    60 ||    60
 Fire: Shortbow          |    89 |    15 |    18 ||   122
       Hand crossbow     |       |    30 |     5 ||    35
Invok: Heroism           |       |       |     3 ||     3
Evoke: Wand              |       |     3 |     7 ||    10
  Use: Scroll            |     3 |     1 |     5 ||     9
  Eat: Chunk             |     2 |     6 |     5 ||    13
       Ration            |       |     1 |       ||     1
Armor: Leather armour    |    22 |     5 |       ||    27
       Ring mail         |       |    62 |    13 ||    75
       Scale mail        |       |       |    40 ||    40
Dodge: Dodged            |    41 |    78 |    43 ||   162
